Map: Ever Dream LE

Players

Astrea - Winner!

  • Race: Protoss Protoss
  • Spawn Location: 7:00

Nina

  • Race: Protoss Protoss
  • League: Grandmaster
  • Spawn Location: 1:00

Event: DreamHack SC2 Masters 2020 Summer North America

VOD

Have the link to the VOD?

Description

Time

  • Played on: July 10, 2020, 3:46 p.m.
  • Length: 11:30

All games in this series

Show
View Real Time Build Order
Export as new Build Order

Astrea Protoss - Winner!

Build Orders: Phoenix Opening, Blink Stalkers 

Get SALT Encoding   

  12  0:00  Probe  
  13  0:12  Probe  
  14  0:16  Pylon  
  14  0:23  Probe  
  15  0:31  Probe  
  16  0:35  Gateway  
  16  0:39  Probe  
  16  0:45  Assimilator  
  17  0:51  Probe  
  17  0:53  Assimilator  
  18  0:59  Probe  
  19  1:06  Gateway  
  19  1:07  Probe  
  19  1:17  Probe  
  20  1:22  Cybernetics Core  
  21  1:29  Probe  
  22  1:34  Pylon  
  22  1:41  Probe  
  23  1:53  Probe  
  24  1:58  Adept x2  
  24  1:59  Warp Gate  
  28  2:02  Pylon  
  28  2:05  Probe  
  29  2:18  Probe  
  30  2:29  Sentry x2  
  34  2:38  Nexus  
  34  2:44  Probe  
  34  2:52  Pylon  
  34  2:54  Shield Battery  
  36  2:58  Sentry  
  36  3:00  Sentry  
  36  3:02  Probe  
  36  3:05  Phoenix  
  39  3:14  Probe  
  38  3:27  Probe  
  37  3:29  Twilight Council  
  37  3:35  Probe  
  37  3:36  Blink  
  38  3:44  Probe  
  38  3:45  Phoenix  
  38  3:46  Probe  
  38  3:47  Stalker x2  
  43  3:53  Probe  
  43  3:54  Probe  
  46  4:04  Probe  
  46  4:05  Probe  
  48  4:16  Probe  
  49  4:17  Probe  
  49  4:21  Gateway, Stalker  
  49  4:22  Stalker  
  54  4:29  Probe x2  
  56  4:35  Pylon  
  56  4:36  Shield Battery  
  56  4:39  Pylon  
  56  4:43  Probe x2  
  58  4:46  Stalker x2  
  58  4:50  Pylon  
  62  4:54  Pylon  
  62  4:58  Probe x2  
  64  5:04  Assimilator  
  64  5:13  Forge, Pylon  
  64  5:17  Stalker x2  
  64  5:18  Stalker  
  70  5:22  Probe x2  
  70  5:24  Assimilator  
  72  5:28  Protoss Ground Weapons Level 1  
  72  5:33  Robotics Facility  
  72  5:37  Pylon  
  72  5:39  Pylon  
  72  5:41  Probe x2  
  74  5:44  Gateway  
  74  5:57  Charge  
  72  6:13  Stalker x3  
  78  6:20  Gateway  
  78  6:22  Gateway, Observer  
  78  6:24  Robotics Bay  
  79  6:33  Pylon  
  79  6:36  Zealot x3  
  85  6:43  Probe, Zealot  
  85  6:44  Probe  
  82  6:56  Probe x2  
  84  7:08  Disruptor, Probe x2  
  86  7:10  Nexus  
  86  7:15  Pylon  
  86  7:20  Probe x2  
  91  7:23  Robotics Facility  
  91  7:32  Probe x2  
  91  7:36  Protoss Ground Weapons Level 2  
  91  7:37  Disruptor  
  93  7:44  Probe x2  
  93  7:50  Stalker x3  
  104  7:56  Probe x2  
  89  8:01  Stalker x3  
  89  8:03  Disruptor  
  93  8:08  Probe  
  94  8:14  Disruptor  
  100  8:20  Probe x2  
  100  8:26  Stalker x3  
  106  8:30  Probe  
  106  8:32  Probe  
  106  8:33  Probe  
  103  8:54  Stalker x6  
  103  9:09  Disruptor, Probe  
  94  9:16  Warp Prism, Probe  
  98  9:23  Probe  
  98  9:24  Probe  
  100  9:31  Assimilator  
  102  9:32  Pylon, Assimilator, Probe  
  102  9:36  Probe x2  
  105  9:45  Disruptor  
  105  9:48  Stalker x4  
  105  9:50  Probe  
  105  9:51  Observer, Probe  
  118  9:56  Nexus  
  114  10:09  Probe  
  114  10:10  Probe  
  114  10:18  Stalker x6  
  116  10:31  Photon Cannon x2, Pylon  
  116  10:33  Photon Cannon  
  116  10:34  Pylon  
  116  10:42  Stalker x3  
  118  10:43  Stalker  
  118  10:44  Disruptor  
  114  11:06  Stalker x5  
  114  11:10  Probe  
  114  11:11  Probe x2  
  127  11:15  Photon Cannon  
  127  11:16  Probe  
Show
View Real Time Build Order
Export as new Build Order

Nina Protoss 

Build Orders:  

Get SALT Encoding   

  12  0:01  Probe  
  13  0:13  Probe  
  14  0:17  Pylon  
  14  0:25  Probe  
  15  0:35  Probe  
  15  0:37  Gateway  
  16  0:43  Probe  
  16  0:47  Assimilator  
  17  0:52  Probe  
  17  0:56  Assimilator  
  18  1:02  Probe  
  18  1:10  Gateway, Probe  
  20  1:19  Probe  
  21  1:26  Cybernetics Core  
  21  1:31  Probe  
  22  1:36  Pylon  
  22  1:43  Probe  
  23  1:55  Probe  
  24  2:02  Stalker x2  
  24  2:08  Probe  
  29  2:18  Warp Gate  
  29  2:20  Probe  
  30  2:25  Pylon  
  30  2:29  Robotics Facility  
  30  2:32  Probe  
  31  2:43  Sentry  
  33  2:44  Stalker  
  33  2:47  Probe  
  36  2:58  Pylon  
  36  2:59  Probe  
  37  3:11  Probe  
  38  3:14  Immortal  
  40  3:27  Pylon  
  39  3:36  Nexus  
  39  3:39  Probe  
  40  3:42  Sentry  
  40  3:47  Pylon  
  42  3:53  Probe  
  42  3:55  Immortal  
  43  4:07  Probe  
  47  4:17  Adept x2  
  47  4:21  Probe  
  52  4:28  Phoenix  
  52  4:29  Robotics Bay  
  52  4:34  Probe  
  53  4:46  Pylon, Probe  
  53  4:48  Warp Prism  
  53  4:49  Probe  
  55  4:58  Probe  
  58  5:03  Probe  
  59  5:10  Sentry, Probe  
  62  5:15  Disruptor, Probe  
  63  5:22  Probe  
  63  5:24  Assimilator  
  63  5:27  Assimilator  
  63  5:28  Probe  
  68  5:31  Pylon  
  68  5:34  Probe  
  69  5:40  Probe  
  70  5:45  Pylon  
  70  5:48  Twilight Council  
  70  5:49  Probe  
  71  5:52  Probe  
  72  6:01  Probe, Pylon  
  72  6:03  Stalker x2  
  77  6:08  Probe  
  78  6:12  Pylon  
  78  6:15  Pylon  
  78  6:16  Gateway  
  78  6:19  Probe  
  78  6:24  Blink  
  79  6:27  Probe  
  79  6:32  Disruptor  
  80  6:35  Gateway  
  80  6:39  Probe  
  84  6:48  Gateway  
  84  6:50  Gateway  
  84  6:53  Nexus  
  84  6:58  Phoenix, Probe  
  84  7:01  Phoenix, Observer  
  85  7:02  Stalker  
  85  7:03  Stalker  
  85  7:04  Probe  
  91  7:12  Probe  
  91  7:14  Pylon  
  92  7:17  Stalker  
  92  7:19  Probe  
  95  7:24  Probe  
  95  7:27  Pylon x2  
  95  7:28  Observer  
  97  7:32  Probe  
  97  7:33  Shield Battery  
  97  7:36  Probe  
  99  7:37  Stalker x2  
  99  7:42  Stalker  
  105  7:44  Probe  
  105  7:48  Stalker, Probe  
  109  7:58  Stalker  
  109  7:59  Stalker  
  109  8:01  Stalker x2  
  117  8:06  Probe x2  
  117  8:11  Probe  
  120  8:18  Forge  
  120  8:27  Stalker x4  
  120  8:29  Stalker  
  93  8:56  Stalker x6, Disruptor  
  82  9:11  Probe x2  
  82  9:12  Probe  
  79  9:20  Stalker x2  
  79  9:21  Stalker x2  
  79  9:23  Probe x2  
  87  9:24  Disruptor  
  87  9:28  Stalker  
  89  9:32  Stalker  
  94  9:43  Probe  
  94  9:45  Shield Battery  
  93  9:51  Robotics Facility  
  93  9:52  Stalker  
  93  9:57  Stalker x2  
  92  10:09  Stalker x3  
  90  10:14  Disruptor  
  90  10:20  Zealot x3  
  96  10:26  Shield Battery  
  94  10:28  Assimilator  
  94  10:32  Assimilator  
  94  10:37  Stalker x2  
  85  10:42  Stalker  
  85  10:43  Stalker x2  
  85  10:46  Stalker  
  82  11:01  Stalker x2  
  72  11:08  Stalker x3  
  78  11:13  Stalker  
Tags
 
Add a new tag
Caveats
  • Supply blocks, unpowered buildings, or Contaminate may cause inaccurate times.
  • Supply counts are checked every 10 seconds.